 Dungeon Crawl Stone Soup version 0.31-a0-237-g2d982f9f85 (webtiles) character file.

Game seed: 18194856463915084784

45 qw the Shooter (level 3, -1/29 HPs)
             Began as a Minotaur Hexslinger on July 10, 2023.
             Slain by a gnoll
             ... wielding a +0 whip
              (3 damage)
             ... on level 1 of the Dungeon.
             The game lasted 00:00:19 (669 turns).

qw the Shooter (Minotaur Hexslinger)                 Turns: 669, Time: 00:00:19

Health: -1/29      AC:  5    Str: 12    XL:     3   Next: 42%
Magic:  3/3        EV: 11    Int: 10    God:
Gold:   106        SH:  5    Dex: 14    Spells: 3/4 levels left

rFire   . . .        Y - +1 sling
rCold   . . .        (no shield)
rNeg    + . .        k - +0 ring mail
rPois   .            (helmet restricted)
rElec   .            (no cloak)
rCorr   .            (no gloves)
SInv    .            (no boots)
Will    .....        g - amulet of reflection
Stlth   +            h - ring of positive energy
HPRegen 0.24/turn    (no ring)
MPRegen 0.08/turn

%: reflection
@: no status effects
A: horns 2, retaliatory headbutt
a: no special abilities


You were on level 1 of the Dungeon.
You visited 1 branch of the dungeon, and saw 2 of its levels.

You collected 106 gold pieces.


Innate Abilities, Weirdness & Mutations

You have a pair of horns on your head.
You reflexively headbutt those who attack you in melee.


   Skills:
 - Level 2.0 Fighting
 - Level 4.0 Ranged Weapons
 + Level 0.1 Armour
 - Level 2.1 Dodging
 - Level 1.0 Spellcasting
 - Level 2.0 Hexes


You had 3 spell levels left.
You knew the following spells:

 Your Spells              Type           Power      Damage    Failure   Level
a - Slow                  Hex            16%        N/A       34%         1

Your spell library contained the following spells:

 Spells                   Type           Power      Damage    Failure   Level
 Inner Flame              Hex/Fire       2%         N/A       83%         3
 Portal Projectile        Hex/Tloc       4%         N/A       83%         3
 Cause Fear               Hex            2%         N/A       98%         4

Inventory:

Hand Weapons
 Y - a +1 sling (weapon)
Armour
 k - a +0 ring mail (worn)
Jewellery
 g - an amulet of reflection (around neck)
 h - a ring of positive energy (left hand)
Potions
 d - a potion of brilliance {unknown}
 i - a potion of heal wounds {unknown}

Dungeon Overview and Level Annotations

Branches:
Dungeon (2/15)

Altars:


Message History

Where to? (* - list waypoints, Enter - D:2, ? - help)
What level of the Dungeon? (default 1, ? - help)
You climb downwards.
The ball python bites you but does no damage.
You block the ball python's attack. The ball python bites you.
The ball python grabs you. The ball python constricts you.
There is a stone staircase leading up, spattered with blood here.
You shoot a sling bullet. The sling bullet hits the ball python.
You kill the ball python!
You shoot a sling bullet.
The sling bullet closely misses the gnoll.
The sling bullet hits the worm.
The worm is moderately wounded.
The gnoll hits you with a +0 whip! x2
661 ||| STAIRDANCE The gnoll hits you with a +0 whip.
You climb upwards.
There is a stone staircase leading down here.
You shoot a sling bullet.
The sling bullet closely misses the gnoll.
You block the gnoll's attack.
You shoot a sling bullet.
The sling bullet barely misses the gnoll.
The gnoll barely misses you.
You shoot a sling bullet.
The sling bullet barely misses the gnoll.
You block the gnoll's attack. The gnoll hits you with a +0 whip.
You shoot a sling bullet.
The sling bullet barely misses the gnoll.
The gnoll barely misses you.
You shoot a sling bullet.
The sling bullet hits the gnoll but does no damage.
The gnoll hits you with a +0 whip.
You shoot a sling bullet. The sling bullet hits the gnoll.
The gnoll is moderately wounded.
The gnoll closely misses you. The gnoll hits you with a +0 whip.
You shoot a sling bullet. The sling bullet hits the gnoll.
The gnoll is severely wounded.
The gnoll hits you with a +0 whip.
You die... .....# #...........# #.........# ####.# #...........# #.........# ####%# #7777...7777###.........# .....## 77777

##..........#
####..#####77777####........^..#
#...##............###########
#.......###..##..## #######.#
#[.#g..# #.# #.)@...# #.#
#.###### #.# #.# #####.# #.#
#(....###.# #.#.......#
#.#.####### ##.#.# #!.#.#


You could see a gnoll.

Vanquished Creatures
  2 gnolls
  A bat (D:1)
  An endoplasm (D:1)
  3 giant cockroaches (D:1)
  3 goblins (D:1)
  4 jackals (D:1)
  A kobold (D:1)
  A quokka (D:1)
  3 ball pythons
  4 frilled lizards
  2 rats (D:1)
25 creatures vanquished.

Notes
Turn   | Place    | Note
-------+----------+-------------------------------------------
     0 | D:1      | qw the Minotaur Hexslinger began the quest for the Orb.
     0 | D:1      | Reached XP level 1. HP: 16/16 MP: 1/1
     0 | D:1      | 0 ||| qw: Version: 0.3-a-52-g30416fa
     0 | D:1      | 0 ||| qw: Game counter: 5069
     0 | D:1      | 0 ||| qw: Melee chars always use a shield: true
     0 | D:1      | 0 ||| qw: God list: Okawaru
     0 | D:1      | 0 ||| qw: Allow faded altars: false
     0 | D:1      | 0 ||| qw: Do Orc after clearing Dungeon:15 true
     0 | D:1      | 0 ||| qw: Do second Lair branch before Depths: true
     0 | D:1      | 0 ||| qw: Lair rune preference: random
     0 | D:1      | 0 ||| qw: Goals: Normal
     0 | D:1      | 0 ||| PLANNING D:1-11
    44 | D:1      | Reached skill level 3 in Ranged Weapons
    44 | D:1      | Reached XP level 2. HP: 21/23 MP: 2/2
   555 | D:1      | 555 ||| UPGRADING to +0 ring mail.
   565 | D:1      | 565 ||| DROPPING +0 robe.
   566 | D:1      | 566 ||| UPGRADING to amulet of reflection.
   571 | D:1      | 571 ||| UPGRADING to ring of positive energy.
   572 | D:1      | 572 ||| READING scroll labelled NACWYANEOL.
   573 | D:1      | 573 ||| READING scroll labelled ZUSYIV WEGIS.
   574 | D:1      | 574 ||| DRINKING 2 metallic yellow potions.
   577 | D:1      | 577 ||| DROPPING scroll of poison.
   578 | D:1      | 578 ||| DROPPING potion of ambrosia.
   606 | D:2      | Reached XP level 3. HP: 29/29 MP: 3/3
   609 | D:2      | 609 ||| STAIRDANCE
   618 | D:1      | Reached skill level 4 in Ranged Weapons
   661 | D:2      | 661 ||| STAIRDANCE
   665 | D:1      | HP: 5/29 [gnoll/+0 whip (4)]
   668 | D:1      | HP: 1/29 [gnoll/+0 whip (4)]
   669 | D:1      | Slain by a gnoll

Levels and vault maps discovered:
D:1:      giann_forest_graveyard, layout_basic,
          amcnicky_mini_rare_corridor_liquid, palyth_stone_intersect
D:2:      layout_loops_ring, serial_shops, shop, basic_altar

Skill      XL: |  1  2  3 |
---------------+----------+-----
Ranged Weapons | 3 4 |  4.0
Fighting       | 2 |  2.0
Armour         | |  0.1
Dodging        | |  2.1
Spellcasting   | |  1.0
Hexes          | |  2.0

Action                     || total
---------------------------++-------
   Fire: Sling             ||    73
    Use: Scroll            ||     2
         Potion            ||     1
 Armour: Robe              ||     3
         Ring mail         ||     7
  Dodge: Dodged            ||    21
  Block: Other             ||     7

Table legend:
 A = Non-vault XP
 B = Vault XP
 C = Vault XP percentage of total XP
 D = Non-vault monster count
 E = Vault monster count
 F = Vault count percentage of total count
                 A         B        C        D         E       F
            +---------+---------+-------+---------+---------+-------
      Total |      65 |       0 |   0.0 |      25 |       0 |   0.0
            +---------+---------+-------+---------+---------+-------
        D:1 |      48 |       0 |   0.0 |      22 |       0 |   0.0
        D:2 |      17 |       0 |   0.0 |       3 |       0 |   0.0
            +---------+---------+-------+---------+---------+-------
